AoeStats
← Santadriver

Enclosed

503885883Analyzed
2v2 RM · 29d ago on Sep 2, 2026· 50m 13s· 4 players
Game mode
Random Map
Map size
Medium (4 player)
Population
200
Speed
Normal
Resources
Standard
Victory
Conquest
Starting age
Dark Age
Ending age
Imperial Age
RankedLock teamsTeams togetherTeam positionsShared explorationLock speedFull tech treeHidden civsTurbo modeCheats
Victory
Defeat
🇩🇪 Malians · Germany
1310
+15
🇩🇪 Byzantines · Germany
1310
+15
🇨🇭 Gurjaras · Switzerland
1326
-17
🇨🇭 Britons · Switzerland
1243
-13
Santadriver
7:19 Loom
9:21 Feudal Age
7:38 Loom
11:12 Double-Bit Axe
15:18 Wheelbarrow
19:47 Castle Age
18:55 Stone Mining
19:17 Horse Collar
21:33 Hand Cart
21:48 Bow Saw
27:24 Husbandry
27:35 Bloodlines
29:59 Fletching
31:42 Gold Mining
35:28 Heavy Plow
36:56 Padded Archer Armor
37:13 Scale Barding Armor
37:20 Forging
38:22 Scale Mail Armor
42:15 Imperial Age
40:14 Chain Barding Armor
40:09 Town Watch
41:49 Iron Casting
41:29 Chain Mail Armor
40:49 Light Cavalry
41:41 Kshatriyas
42:37 Elite Chakram Thrower
43:50 Plate Mail Armor
45:16 Plate Barding Armor
45:04 Conscription
44:15 Heavy Camel Rider
47:20 Bodkin Arrow
Fjschj
7:21 Loom
10:26 Feudal Age
14:50 Double-Bit Axe
19:03 Horse Collar
20:10 Gold Mining
24:17 Castle Age
27:19 Fletching
30:34 Bodkin Arrow
43:55 Stone Mining
PeterPanda☆
6:30 Loom
9:23 Feudal Age
9:58 Man-at-Arms
20:52 Castle Age
19:37 Bloodlines
20:14 Scale Barding Armor
21:00 Pikeman
30:47 Double-Bit Axe
33:08 Chain Barding Armor
32:59 Forging
33:13 Redemption
36:00 Iron Casting
37:01 Wheelbarrow
36:41 Scale Mail Armor
40:54 Imperial Age
40:08 Hand Cart
40:30 Squires
41:14 Husbandry
41:19 Cavalier
45:18 Plate Barding Armor
46:09 Farimba
46:00 Horse Collar
Stándrè
7:05 Loom
9:19 Feudal Age
9:48 Double-Bit Axe
10:42 Horse Collar
20:18 Castle Age
19:13 Scale Barding Armor
19:58 Gold Mining
21:38 Chain Barding Armor
26:20 Wheelbarrow
30:29 Forging
34:04 Fletching
37:06 Iron Casting
36:27 Bodkin Arrow
43:02 Imperial Age
41:50 Padded Archer Armor
43:36 Heavy Camel Rider
45:34 Bracer
46:58 Ballistics
48:21 Leather Archer Armor
49:37 Chemistry
Connection lost

Rejoining the realm…

Still unreachable

The connection could not be restored.

Session expired

The server has moved on; the page needs a fresh start.